 Dungeon Crawl Stone Soup version 0.30-a0-272-gf98c3da03f (webtiles) character file.

Game seed: 673288069044651994

774 bande the Chopper (level 7, -1/44 HPs)
             Began as a Gargoyle Fighter on Oct 15, 2022.
             Was a Believer of Okawaru.
             Slain by a wyvern zombie (6 damage)
             ... in an ossuary.
             The game lasted 00:06:03 (3172 turns).

bande the Chopper (Gargoyle Fighter)                Turns: 3172, Time: 00:06:03

Health: -1/44      AC: 15    Str: 19    XL:     7   Next: 84%
Magic:  9/9        EV:  9    Int:  9    God:    Okawaru [**....]
Gold:   212        SH:  4    Dex: 11    Spells: 6/6 levels left

rFire   . . .      SeeInvis .    a - +1 war axe
rCold   . . .      Faith    .    c - +0 buckler
rNeg    + . .      Spirit   .    b - +0 scale mail
rPois   ∞          Reflect  .    (no helmet)
rElec   +          Harm     .    f - +0 cloak
rCorr   .          Rampage  .    (no gloves)
Will    .....                    p - +1 pair of boots
Stlth   ..........               (no amulet)
HPRegen 0.27/turn                (no ring)
MPRegen 0.11/turn                (no ring)

@: no status effects
A: sickness immunity, AC +4, negative energy resistance 1, electricity
resistance, torment resistance 1, petrification resistance
a: Renounce Religion, Heroism


You were in an ossuary.
You worshipped Okawaru.
Okawaru was pleased with you.
You visited 1 branch of the dungeon, and saw 5 of its levels.
You also visited: Ossuary.

You collected 212 gold pieces.

Inventory:

Hand Weapons
 a - a +1 war axe (weapon)
 e - a +0 flail
 k - a +0 war axe
Armour
 b - a +0 scale mail (worn)
 c - a +0 buckler (worn)
 f - a +0 cloak (worn)
 p - a +1 pair of boots (worn)
Scrolls
 j - a scroll of enchant weapon
 l - a scroll of magic mapping
Potions
 d - a potion of might
 g - 2 potions of heal wounds {unknown}
 h - a potion of ambrosia {unknown}
 i - a potion of flight {unknown}
 m - a potion of magic {unknown}
 n - 2 potions of curing


   Skills:
 + Level 4.6 Fighting
 + Level 5.5 Axes
 + Level 5.0 Armour
 - Level 0.2 Stealth
 + Level 4.1 Shields
 * Level 3.2 Invocations


You had 6 spell levels left.
You didn't know any spells.
Your spell library contained the following spells:

 Spells                   Type           Power      Damage    Failure   Level
 Ensorcelled Hibernation  Hex/Ice        0%         N/A       92%         2
 Passwall                 Tmut/Erth      0%         N/A       92%         2
 Swiftness                Air            0%         N/A       99%         3


Dungeon Overview and Level Annotations

Branches:
Dungeon (4/15)            Ossuary (1/1)
 Temple: D:4-7

Altars:
Hepliaklqana
Nemelex Xobeh
Okawaru
Qazlal
Wu Jian


Innate Abilities, Weirdness & Mutations

You are immune to sickness and miasma.
Your stone body is resilient. (AC +4)
You are immune to poison.
You resist negative energy. (rN+)
You are resistant to electric shocks. (rElec)
You are resistant to unholy torment.
You are immune to petrification.


Message History

You are too injured to fight recklessly!
You are too injured to fight recklessly!
You are too injured to fight recklessly!
You slash the bullfrog zombie!
You destroy the bullfrog zombie!
Okawaru accepts your kill.
There is an open door here.
There is an empty arch of ancient stone here.
You start resting.
A wyvern zombie comes into view.
A wyvern zombie is nearby!
The wyvern zombie bites you but does no damage.
The wyvern zombie barely misses you.
You hit the wyvern zombie.
The wyvern zombie is lightly damaged.
The wyvern zombie bites you! You block the wyvern zombie's attack.
You barely miss the wyvern zombie.
The wyvern zombie is lightly damaged.
The wyvern zombie bites you.
You barely miss the wyvern zombie.
The wyvern zombie is lightly damaged.
The wyvern zombie closely misses you. The wyvern zombie barely misses you.
You hit the wyvern zombie.
The wyvern zombie is lightly damaged.
The wyvern zombie bites you.
* * * LOW HITPOINT WARNING * * *
A mummy comes into view.
The wyvern zombie bites you but does no damage.
You slash the wyvern zombie!
The wyvern zombie is moderately damaged.
You block the wyvern zombie's attack.
You slash the wyvern zombie!
The wyvern zombie is heavily damaged.
The wyvern zombie bites you!
* * * LOW HITPOINT WARNING * * *
The wyvern zombie bites you but does no damage.
You slash the wyvern zombie!
The wyvern zombie is severely damaged.
You hit the mummy. The wyvern zombie bites you.
You die...

#.' +.#
#.' #.##
'.'
#####.###
#∩..#.'.#
#.M.'.#
#@Z.#.+
#####.#
..+ '#+#
#. #


You could see a mummy and a wyvern zombie.

Vanquished Creatures
  A hornet zombie (Ossuary)
  An ogre (D:4)
  2 water moccasin zombies (Ossuary)
  A centaur zombie (Ossuary)
  4 bullfrog zombies (Ossuary)
  An orc priest (D:4)
  A hound (D:3)
  10 mummies (Ossuary)
  4 adders
  A worm (D:2)
  3 dart slugs
  5 orcs
  10 bats
  4 endoplasms
  A giant cockroach (D:2)
  9 goblins
  9 hobgoblins
  7 jackals
  8 kobolds
  A quokka (D:2)
  5 ball pythons
  4 frilled lizards
  3 rats (D:1)
95 creatures vanquished.

Vanquished Creatures (others)
  3 withered plants (Ossuary)
3 creatures vanquished.

Grand Total: 98 creatures vanquished

Notes
Turn   | Place    | Note
-------+----------+-------------------------------------------
     0 | D:1      | bande the Gargoyle Fighter began the quest for the Orb.
     0 | D:1      | Reached XP level 1. HP: 14/14 MP: 1/1
    72 | D:1      | Reached XP level 2. HP: 15/19 MP: 2/2
   571 | D:1      | Reached XP level 3. HP: 23/23 MP: 3/3
   881 | D:2      | Reached XP level 4. HP: 26/29 MP: 4/4
  1378 | D:2      | Found an iron altar of Okawaru.
  1395 | D:2      | Became a worshipper of Warmaster Okawaru
  1544 | D:3      | Found a hazy altar of Hepliaklqana.
  1573 | D:3      | Found a stormy altar of Qazlal.
  1573 | D:3      | Found an ornate altar of the Wu Jian Council.
  1657 | D:3      | Found a sparkling altar of Nemelex Xobeh.
  1940 | D:3      | Reached XP level 5. HP: 33/33 MP: 5/5
  2130 | D:3      | Reached skill level 1 in Invocations
  2486 | D:4      | Identified the +2 scale mail of the Old and Reckless {rN+}
  2496 | D:4      | HP: 1/33 [orc priest/+0 short sword (4)]
  2737 | D:4      | Noticed an ogre
  2765 | D:4      | Killed an ogre
  2765 | D:4      | Reached * piety under Okawaru
  2766 | D:4      | Reached XP level 6. HP: 37/38 MP: 7/7
  2812 | D:4      | You fall into a shaft and drop 1 floor!
  2812 | D:5      | Entered Level 5 of the Dungeon
  2824 | D:5      | Found a sand-covered staircase.
  2833 | Ossuary  | Entered an ossuary
  2927 | Ossuary  | Reached XP level 7. HP: 24/44 MP: 8/8
  3012 | Ossuary  | Reached skill level 5 in Axes
  3126 | Ossuary  | Reached skill level 5 in Armour
  3140 | Ossuary  | Reached ** piety under Okawaru
  3172 | Ossuary  | Slain by a wyvern zombie

Illustrated notes

Levels and vault maps discovered:
D:1:      dpeg_arrival_tiny_a, layout_rooms
D:2:      layout_basic, basic_altar
D:3:      layout_basic, mainiacjoe_overflow_tiny_flanked,
          grunt_temple_overflow_open
D:4:      layout_cave_pools
D:5:      layout_loops_corners, general_overflow_altar, serial_rivers,
          chequers_serial_rivers_room_a, chequers_serial_rivers_micro_c,
          chequers_serial_rivers_micro_a, chequers_serial_rivers_micro_d,
          chequers_serial_rivers_micro_d, chequers_serial_rivers_large_b,
          serial_shops, shop, enter_ossuary_1, item_on_display_a, uniq_eustachio
Ossuary:  ossuary_zaba_flooded

Skill      XL: |  1  2  3  4  5  6  7 |
---------------+----------------------+-----
Axes           | 2 3 4 5 |  5.5
Armour         | 4 5 |  5.0
Invocations    | 1 2 3 |  3.2
Fighting       | 4 |  4.6
Shields        | 4 |  4.1
Stealth        | |  0.2

Action                   |  1- 3 |  4- 6 |  7- 9 || total
-------------------------+-------+-------+-------++-------
Melee: War axe           |   116 |   165 |    57 ||   338
  Use: Scroll            |       |    10 |       ||    10
       Potion            |       |     2 |       ||     2
Armor: Scale mail        |    80 |    90 |    31 ||   201
Dodge: Dodged            |    64 |    69 |    28 ||   161
Block: Buckler           |    33 |    30 |    15 ||    78

Table legend: (Time is in decaauts)
 A = Elapsed time spent in this place.
 B = Non-inter-level travel time spent in this place.
 C = Inter-level travel time spent in this place.
 D = Time resting spent in this place.
 E = Time spent auto-exploring this place.
 F = Levels seen in this place.
 G = Mean time per level.
                   A        B        C        D        E       F      G
               +--------+--------+--------+--------+--------+-----+--------+
         Total |   3297 |   3285 |     12 |    508 |   1780 |   6 |  549.5 |
       Dungeon |   2925 |   2913 |     12 |    326 |   1778 |   5 |  585.0 |
       Ossuary |    371 |    371 |      0 |    182 |      2 |   1 |  371.0 |
               +--------+--------+--------+--------+--------+-----+--------+

Top non-repeatable levels by time:
     D:3: 990 daAuts
     D:1: 775 daAuts
     D:2: 742 daAuts
     D:4: 396 daAuts
 Ossuary: 371 daAuts
     D:5: 20 daAuts
